 Dungeon Crawl Stone Soup version 0.19.1-1-g22dce08 (webtiles) character file.

31502 Angani the Fighter (level 13, -9/186 HPs)
             Began as a Black Draconian Chaos Knight on Jan 6, 2017.
             Mangled by an eight-headed hydra (11 damage)
             ... on level 5 of the Lair of Beasts.
             The game lasted 00:39:05 (15240 turns).

Angani the Fighter (Black Draconian Chaos Knight)  Turns: 15240, Time: 00:39:05

Health: -9/186     AC: 18    Str: 20    XL:     13   Next: 26%
Magic:  19/19      EV: 25    Int: 10    God:    Xom [....*.]
Gold:   555        SH: 11    Dex: 20    Spells: 0 memorised, 12 levels left

rFire  . . .     SeeInvis .     r - +4 spear (flame)
rCold  + . .     Gourm    .     (armour unavailable)
rNeg   . . .     Faith    .     l - +1 buckler
rPois  +         Spirit   .     (helmet restricted)
rElec  +         Reflect  +     v - +2 cloak of Elitism {Dex+4}
rCorr  .         Harm     .     k - +2 pair of gloves
MR     .....                    h - +2 pair of boots
Stlth  ..........               G - +4 amulet of reflection
                                w - +1 ring of protection
                                C - +4 ring of evasion

@: berserking, short of breath, very quick
A: breathe lightning, unfitting armour, horns 1, talons 1, blurry vision 1, cold
resistance 1, dopey 1, high mp 1, mutation resistance 2, poison resistance,
screaming 1, electricity resistance, wild magic 1, cold-blooded, AC +8
a: Breathe Lightning, Renounce Religion


You were on level 5 of the Lair of Beasts.
You worshipped Xom.
You were a beloved toy of Xom.
You were not hungry.

You visited 2 branches of the dungeon, and saw 14 of its levels.

You collected 1287 gold pieces.
You spent 732 gold pieces at shops.

Inventory:

Hand Weapons
 r - a +4 spear of flaming (weapon)
Armour
 h - a +2 pair of boots (worn)
 k - a +2 pair of gloves (worn)
 l - a +1 buckler (worn)
 v - the +2 cloak of Elitism (worn) {Dex+4}
   (You found it on level 6 of the Dungeon)

   It affects your dexterity (+4).
Magical Staves
 J - an uncursed staff of energy {unknown}
Jewellery
 a - an uncursed ring of positive energy
 c - an uncursed amulet of rage
 q - an uncursed ring of ice
 w - a +1 ring of protection (right hand)
 C - a +4 ring of evasion (left hand)
 G - a +4 amulet of reflection (around neck)
 L - an uncursed ring of resist corrosion {unknown}
 M - an uncursed ring of magical power {unknown}
 N - a cursed amulet of inaccuracy {unknown}
Wands
 y - a wand of paralysis (15/24)
 E - a wand of acid (6/15)
Scrolls
 d - 9 scrolls of immolation
 e - 7 scrolls of remove curse
 j - a scroll of teleportation
 o - a scroll of magic mapping
 s - a scroll of blinking
 x - 3 scrolls of amnesia
Potions
 f - 7 potions of curing
 i - 2 potions of flight
 n - 2 potions of magic
 u - a potion of agility
 A - 2 potions of cure mutation
 D - a potion of haste
 H - 2 potions of lignification {unknown}
 I - 2 potions of mutation {unknown}
 K - 2 potions of might
Miscellaneous
 t - a sack of spiders
 B - a fan of gales
Comestibles
 b - 11 bread rations
 g - 8 meat rations
 p - 3 beef jerkies
 F - 2 slices of pizza
 P - a royal jelly


   Skills:
 - Level 14.0 Fighting
 - Level 12.6 Polearms
 - Level 11.0 Dodging
 - Level 5.3 Shields
 + Level 6.6 Evocations


You had 12 spell levels left.
You didn't know any spells.

Dungeon Overview and Level Annotations

Branches:
Dungeon (8/15)             Temple (0/1) D:4            Lair (6/6) D:8
  Swamp (0/4) Lair:2        Snake (0/4) Lair:3        Slime (0/5) Lair:5

Altars:
Elyvilon
Gozag
Makhleb
Nemelex Xobeh
Okawaru
Sif Muna
Uskayaw
Xom
Jiyva

Shops:
D:4 =   D:6 :

Annotations:
D:7 1 runed door
Lair:5 1 runed door


Innate Abilities, Weirdness & Mutations

You can breathe wild blasts of lightning.
Your glossy black scales are hard. (AC +8)
You cannot fit into any form of body armour.
You are resistant to electric shocks. (rElec)
You are cold-blooded and may be slowed by cold attacks.
You have a pair of small horns on your head.
You have sharp toenails.
Scrolls take you a little longer to read.
Your flesh is cold resistant. (rC+)
You are dopey. (Int -2)
You have an increased reservoir of magic. (+10% MP)
You are somewhat resistant to both further mutation and mutation removal.
Your system is resistant to poisons. (rPois)
You occasionally shout uncontrollably at your foes.
Your spells are a little harder to cast, but a little more powerful.


Message History

Unknown command.
Unknown command.
You impale the seven-headed hydra!! You burn the seven-headed hydra.
You kill the seven-headed hydra!
Unknown command.
You hit the eight-headed hydra. You burn the eight-headed hydra.
Your headbutt misses the eight-headed hydra.
You tail-slap the eight-headed hydra.
The eight-headed hydra is heavily wounded.
You block the eight-headed hydra's attack. x2
The eight-headed hydra bites you!
* * * LOW HITPOINT WARNING * * *
The eight-headed hydra bites you!
* * * LOW HITPOINT WARNING * * *
The eight-headed hydra bites you.
* * * LOW HITPOINT WARNING * * *
The eight-headed hydra bites you but does no damage.
The eight-headed hydra bites you!
You die...
Xom titters!

....P.........### #............P#
...PP#.#........####..#....######
....###.........##..<..#..##
..##.#...........##.......#
##.##....................##
######...................###
#...............P#.....#####
##........).....###........##
#..........@.....##........#
#######........†.D..###..........
..8..##.............# #..........
.....##.............# ##.........
8.<.8#####.........## #.........
.....# #.##...P#.P## ##........
#...####..#..###### #........
##+.#.......## ##.......
......#.....# #...####


You could see an eight-headed hydra.

Vanquished Creatures
  4 hydras
  A queen ant (Lair:2)
  A death yak (Lair:5)
  7 black mambas
  5 elephants
  Psyche (D:8)
  A guardian serpent (Lair:3)
  8 spiny frogs
  8 komodo dragons
  A tyrant leech (Lair:2)
  Grinder (D:6)
  A hornet (Lair:1)
  23 blink frogs
  2 hippogriffs
  A spriggan (D:7)
  2 wyverns
  A basilisk (Lair:2)
  12 yaks
  A mottled dragon (Lair:5)
  5 swamp worms
  4 soldier ants
  9 water moccasins
  7 porcupines
  3 orc warriors
  A sky beast (Lair:1)
  3 black bears
  4 ice beasts
  3 ogres
  6 wolves (Lair:5)
  2 centaurs
  A necrophage (D:8)
  A big kobold (D:7)
  9 crocodiles
  11 bullfrogs
  2 scorpions
  A killer bee (D:7)
  6 wights
  3 electric eels
  A howler monkey (D:4)
  A crimson imp (D:5)
  A bullfrog zombie (D:8)
  10 orc priests
  A centaur zombie (D:7)
  A jelly (D:7)
  9 orc wizards
  A quasit (D:8)
  A bullfrog skeleton (D:6)
  3 hounds
  4 iguanas
  24 worker ants
  2 hound skeletons (D:4)
  A worker ant zombie (D:8)
  14 adders
  7 gnolls
  2 shadow imps
  An ooze (D:1)
  2 adder zombies
  2 adder skeletons (D:7)
  2 worms
  6 dart slugs
  4 leopard geckos
  29 orcs
  3 ball pythons (D:2)
  11 bats
  5 giant cockroaches
  13 goblins
  10 hobgoblins
  3 jackals (D:4)
  15 kobolds
  7 quokkas
  6 frilled lizards
  A leopard gecko skeleton (D:8)
  11 rats
376 creatures vanquished.

Vanquished Creatures (collateral kills)
  An elephant (Lair:4)
  A crimson imp (D:8)
  A hound (D:8)
  2 worker ants
  An orc (D:8)
  3 fungi (Lair:4)
9 creatures vanquished.

Vanquished Creatures (others)
  2 yaks (Lair:5)
  An orc wizard (D:4)
  A bush (Lair:2)
  A fire vortex (D:2)
  13 fungi
  6 plants
24 creatures vanquished.

Grand Total: 409 creatures vanquished

Notes
Turn   | Place    | Note
-------+----------+-------------------------------------------
     0 | D:1      | Angani the Draconian Chaos Knight began the quest for the Orb.
     0 | D:1      | Reached XP level 1. HP: 19/19 MP: 1/1
   220 | D:1      | Reached XP level 2. HP: 24/26 MP: 2/2
   262 | D:1      | XOM: cloud trail
   493 | D:1      | XOM: cast spell 'Olgreb's Toxic Radiance'
   495 | D:1      | Reached XP level 3. HP: 31/31 MP: 3/3
   696 | D:2      | XOM: mild Tloc miscast
   843 | D:2      | Found a white marble altar of Elyvilon.
   875 | D:2      | XOM: harmless Ice miscast
  1186 | D:2      | Reached XP level 4. HP: 40/40 MP: 4/4
  1364 | D:2      | Found a sparkling altar of Nemelex Xobeh.
  1364 | D:2      | Found an opulent altar of Gozag.
  1451 | D:2      | XOM: mild Fire miscast
  1646 | D:2      | XOM is BORED!
  1646 | D:2      | XOM: mild Air miscast
  1857 | D:2      | XOM: scenery: create altars
  1860 | D:2      | XOM: cloud trail
  1911 | D:2      | XOM: divination: detect creatures
  2015 | D:2      | Reached skill level 4 in Fighting
  2251 | D:3      | Reached skill level 1 in Shields
  2251 | D:3      | Reached XP level 5. HP: 42/46 MP: 5/5
  2328 | D:3      | XOM: scenery: create altars
  2697 | D:3      | XOM: scenery: create altars
  2727 | D:4      | XOM is BORED!
  2727 | D:4      | XOM: medium Chrm miscast
  2914 | D:4      | Reached XP level 6. HP: 51/53 MP: 6/6
  3024 | D:4      | XOM: divination: magic mapping
  3127 | D:4      | Found a staircase to the Ecumenical Temple.
  3194 | D:4      | XOM: enchant monster (good)
  3198 | D:4      | XOM: chaos upgrade
  3246 | D:4      | Found a deep blue altar of Sif Muna.
  3403 | D:4      | Reached skill level 5 in Fighting
  3442 | D:4      | Found a burning altar of Makhleb.
  3442 | D:4      | Noticed a green death
  3487 | D:4      | Your scales start taking on a glossy black colour.
  3487 | D:4      | Reached XP level 7. HP: 60/61 MP: 7/7
  3487 | D:4      | Gained mutation: You are resistant to electric shocks. (rElec) [Black Draconian growth]
  3516 | D:4      | Found Corphyre's Jewellery Boutique.
  3527 | D:4      | XOM: scenery: 1 doors open
  3534 | D:4      | XOM: 4-stop teleportation journey
  3677 | D:4      | XOM: give mutations
  3677 | D:4      | Gained mutation: You evolve. [Xom's grace]
  3677 | D:4      | Gained mutation: Your spells are a little harder to cast, but a little more powerful. [Xom's grace]
  3677 | D:4      | Lost mutation: You evolve. [Xom's grace]
  3677 | D:4      | Gained mutation: You are somewhat resistant to further mutation. [Xom's grace]
  3696 | D:5      | Entered Level 5 of the Dungeon
  3738 | D:5      | XOM: destruction
  3744 | D:5      | Reached skill level 5 in Polearms
  3949 | D:5      | XOM: god gift: ruby potion {god gift}
  4276 | D:5      | Reached skill level 5 in Dodging
  4585 | D:5      | XOM: enchant monster (good)
  4744 | D:6      | Reached skill level 5 in Shields
  4771 | D:6      | Found Payl's Book Boutique.
  4792 | D:6      | Reached XP level 8. HP: 62/69 MP: 8/8
  4812 | D:6      | XOM: swap monsters
  4822 | D:6      | Reached skill level 6 in Fighting
  4908 | D:6      | XOM: scenery: create altars
  4920 | D:6      | Reached skill level 7 in Fighting
  4989 | D:6      | XOM: cleaving
  5041 | D:6      | Noticed Grinder
  5056 | D:6      | Paralysed by Grinder for 2 turns
  5059 | D:6      | Killed Grinder
  5220 | D:6      | Found a hide-covered altar of Uskayaw.
  5264 | D:6      | Noticed a dagger
  5265 | D:6      | Noticed a hand axe
  5271 | D:6      | Got a transparent cloak
  5277 | D:6      | Identified the +2 cloak of Elitism {Dex+4} (You found it on level 6 of the Dungeon)
  5336 | D:6      | Reached skill level 8 in Fighting
  5336 | D:6      | Reached XP level 9. HP: 80/81 MP: 9/9
  5779 | D:7      | XOM: fog
  5867 | D:7      | XOM: medium Tmut miscast
  5898 | D:7      | Noticed a sixfirhy
  5899 | D:7      | Found a runed door.
  5994 | D:7      | XOM: destruction
  6011 | D:7      | Gained mutation: You are dopey. (Int -2) [mutagenic glow]
  6381 | D:7      | XOM: give mutation
  6381 | D:7      | Gained mutation: Your system is resistant to poisons. (rPois) [Xom's grace]
  6758 | D:7      | XOM: noise
  6772 | D:7      | Reached skill level 9 in Fighting
  6886 | D:8      | Noticed a meliai
  6894 | D:8      | XOM: potion effect (experience)
  6894 | D:8      | Reached XP level 10. HP: 91/91 MP: 10/10
  7009 | D:8      | XOM: cast spell 'Summon Ice Beast'
  7252 | D:8      | Noticed Psyche
  7253 | D:8      | XOM: confuse monster(s)
  7265 | D:8      | Killed Psyche
  7321 | D:8      | XOM: cleaving
  7441 | D:8      | XOM: god gift: leather armour {god gift}
  7518 | D:8      | Found a staircase to the Lair.
  7601 | D:8      | Found an iron altar of Okawaru.
  7659 | Lair:1   | Entered Level 1 of the Lair of Beasts
  7659 | Lair:1   | Noticed a four-headed hydra
  7677 | Lair:1   | Killed a four-headed hydra
  7677 | Lair:1   | Reached skill level 10 in Fighting
  7677 | Lair:1   | Reached XP level 11. HP: 72/99 MP: 11/11
  7834 | Lair:1   | XOM: polymorph blink frog -> sky beast
  7845 | Lair:1   | XOM: summons friendly iron imp
  7863 | Lair:1   | XOM: summons 3 friendly demons
  8035 | Lair:1   | XOM: scenery: create altars
  8049 | Lair:1   | XOM: smoke on damage
  8116 | Lair:1   | XOM is BORED!
  8116 | Lair:1   | XOM: give mutations
  8116 | Lair:1   | Gained mutation: You occasionally shout uncontrollably at your foes. [Xom's mischief]
  8116 | Lair:1   | Gained mutation: Scrolls take you a little longer to read. [Xom's mischief]
  8116 | Lair:1   | Gained mutation: Scrolls take you longer to read. [Xom's mischief]
  8125 | Lair:1   | XOM: summons 4 friendly demons
  8441 | Lair:1   | XOM: fake destruction
  8519 | Lair:1   | XOM: mild Necr miscast
  8566 | Lair:1   | XOM: cloud trail
  8697 | Lair:1   | XOM: enchant monster (good)
  8700 | Lair:1   | XOM: snakes to sticks
  8866 | Lair:1   | XOM: summons 5 friendly demons
  8923 | Lair:1   | XOM: confuse monster(s)
  8964 | Lair:1   | XOM: destruction
  9030 | Lair:1   | Reached skill level 11 in Fighting
  9117 | Lair:1   | XOM: god gift: 5 silver javelins
  9313 | Lair:1   | XOM: divination: detect items
  9379 | Lair:1   | XOM: cloud trail
  9385 | Lair:1   | XOM: give mutation
  9385 | Lair:1   | Gained mutation: You have an increased reservoir of magic. (+10% MP) [Xom's grace]
  9461 | Lair:2   | Got a shimmering quarterstaff
  9483 | Lair:2   | XOM: cast spell 'Leda's Liquefaction'
  9490 | Lair:2   | XOM: cast spell 'Confusing Touch'
  9648 | Lair:2   | XOM: harmless Erth miscast
  9802 | Lair:2   | Noticed a queen ant
  9810 | Lair:2   | XOM: cast spell 'Confusing Touch'
  9827 | Lair:2   | XOM: cast spell 'Confusing Touch'
  9842 | Lair:2   | XOM: divination: detect creatures
  9847 | Lair:2   | XOM: enchant monster (good)
  9849 | Lair:2   | Killed a queen ant
  9849 | Lair:2   | Reached skill level 12 in Fighting
  9917 | Lair:2   | XOM: summons 3 friendly demons
  9934 | Lair:2   | XOM: mild Necr miscast
 10010 | Lair:2   | XOM: cleaving
 10011 | Lair:2   | XOM: confuse monster(s)
 10055 | Lair:2   | XOM: god gift: fan of gales
 10252 | Lair:2   | XOM: summons 5 hostile demons
 10257 | Lair:2   | XOM: enchant monster (bad)
 10260 | Lair:2   | XOM: 1-stop teleportation journey
 10276 | Lair:2   | XOM: silly message
 10285 | Lair:2   | Reached XP level 12. HP: 82/111 MP: 13/13
 10331 | Lair:2   | XOM: medium Necr miscast
 10627 | Lair:2   | XOM: fake destruction
 10651 | Lair:2   | XOM: fog
 10688 | Lair:2   | XOM: god gift: 11 gold pieces
 10691 | Lair:2   | XOM: polymorph yak -> hornet
 10696 | Lair:2   | XOM: cleaving
 10700 | Lair:2   | XOM: scenery: create altars
 10710 | Lair:2   | XOM: summons friendly iron imp
 10728 | Lair:1   | Reached skill level 10 in Dodging
 10809 | Lair:2   | XOM: fake destruction
 10921 | Lair:2   | Found a staircase to the Swamp.
 11016 | Lair:2   | XOM: cloud trail
 11038 | Lair:2   | XOM: scenery: create altars
 11321 | Lair:2   | Identified the cursed +3 quarterstaff of Day {flame, +Fly rElec rC+ Int-4 Stlth+} (You found it on level 2 of the Lair of Beasts)
 11330 | Lair:2   | XOM: scenery: 1 doors open
 11767 | Lair:3   | XOM: give mutations
 11767 | Lair:3   | Gained mutation: You have a pair of small horns on your head. [Xom's grace]
 11767 | Lair:3   | Gained mutation: You are somewhat resistant to both further mutation and mutation removal. [Xom's grace]
 11767 | Lair:3   | Gained mutation: You have sharp toenails. [Xom's grace]
 11767 | Lair:3   | Gained mutation: Your flesh is cold resistant. (rC+) [Xom's grace]
 11799 | Lair:3   | Found a staircase to the Snake Pit.
 11817 | Lair:3   | XOM: confuse monster(s)
 11844 | Lair:3   | XOM: god gift: 510 gold pieces
 11848 | Lair:3   | Reached skill level 13 in Fighting
 12006 | D:5      | XOM is BORED!
 12006 | D:5      | XOM: stat loss: -1 Int (9/10)
 12054 | D:4      | Bought a +4 ring of evasion for 432 gold pieces
 12056 | D:4      | Bought a +4 amulet of reflection for 300 gold pieces
 12250 | Lair:3   | Noticed an eight-headed hydra
 12262 | Lair:3   | Killed an eight-headed hydra
 12337 | Lair:3   | XOM: god gift: thick glowing staff {god gift}
 12682 | Lair:4   | Noticed an eight-headed hydra
 12691 | Lair:4   | Killed an eight-headed hydra
 12870 | Lair:4   | XOM: noise
 12876 | Lair:4   | XOM: enchant monster (bad)
 12878 | Lair:4   | XOM: 1-stop teleportation journey
 12884 | Lair:4   | XOM: swap monsters
 12894 | Lair:4   | XOM: medium Ice miscast
 12919 | Lair:4   | XOM: harmless Summ miscast
 12934 | Lair:3   | XOM: harmless Erth miscast
 12936 | Lair:3   | XOM: enchant monster (good)
 12940 | Lair:3   | XOM: summons 2 friendly demons
 13106 | Lair:4   | XOM: noise
 13111 | Lair:4   | XOM: summons 12 friendly demons
 13289 | Lair:4   | XOM: polymorph blink frog -> black mamba
 13297 | Lair:4   | XOM: blink monster(s)
 13405 | Lair:4   | XOM is BORED!
 13405 | Lair:4   | XOM: give mutation
 13405 | Lair:4   | Lost mutation: Scrolls take you longer to read. [Xom's mischief]
 13561 | Lair:4   | XOM: fog
 13583 | Lair:4   | Reached skill level 14 in Fighting
 13586 | Lair:4   | XOM: potion effect (haste)
 13691 | Lair:5   | Found a hide-covered altar of Uskayaw.
 13816 | Lair:4   | Reached skill level 1 in Evocations
 13824 | Lair:4   | XOM: 2-stop teleportation journey
 13861 | Lair:5   | XOM: polymorph blink frog -> mottled dragon
 13866 | Lair:5   | XOM: potion effect (invisibility)
 13955 | Lair:5   | Reached XP level 13. HP: 121/123 MP: 17/17
 14046 | Lair:5   | XOM: cleaving
 14131 | Lair:5   | XOM: fog
 14276 | Lair:5   | XOM: cast spell 'Summon Small Mammal'
 14302 | Lair:5   | XOM: divine lightning (protected)
 14359 | Lair:5   | Found a runed door.
 14359 | Lair:5   | Found a viscous altar of Jiyva.
 14360 | Lair:5   | Found a staircase to the Slime Pits.
 14360 | Lair:5   | Noticed an azure jelly
 14503 | Lair:6   | Entered Level 6 of the Lair of Beasts
 14512 | Lair:6   | XOM: potion effect (might)
 14565 | Lair:5   | Reached skill level 5 in Evocations
 14565 | Lair:5   | XOM: cast spell 'Summon Hydra'
 14590 | Lair:5   | XOM: medium Tloc miscast
 14804 | Lair:5   | XOM: blink monster(s)
 14967 | Lair:5   | XOM: destruction
 14976 | Lair:5   | XOM: smoke on damage
 15225 | Lair:6   | XOM: scenery: create altars
 15240 | Lair:5   | HP: 6/186 [eight-headed hydra (10)]
 15240 | Lair:5   | HP: 2/186 [eight-headed hydra (4)]
 15240 | Lair:5   | Mangled by an eight-headed hydra

Skill      XL: |  1  2  3  4  5  6  7  8  9 10 11 12 13 |
---------------+----------------------------------------+-----
Dodging        | 3 4 5 6 7 9 11 | 11.0
Fighting       | 4 5 8 9 10 12 14 | 14.0
Polearms       | 4 5 6 12 | 12.6
Shields        | 1 2 5 |  5.3
Evocations     | 3 6 |  6.6

Action                   |  1- 3 |  4- 6 |  7- 9 | 10-12 | 13-15 || total
-------------------------+-------+-------+-------+-------+-------++-------
Melee: Spear             |   105 |   216 |   415 |  1212 |   161 ||  2109
       Tailslap          |    10 |    26 |    63 |   212 |    28 ||   339
       Headbutt          |       |       |       |    91 |    36 ||   127
 Abil: Breathe Lightning |       |       |     4 |     4 |     3 ||    11
  Use: Scroll            |       |     7 |    10 |    11 |       ||    28
       Potion            |       |       |     1 |     3 |     2 ||     6
 Stab: Petrified         |     1 |     9 |       |     9 |       ||    19
       Sleeping          |       |     1 |     2 |     2 |     2 ||     7
       Petrifying        |       |     1 |       |     2 |       ||     3
       Paralysed         |       |       |     2 |     2 |       ||     4
       Distracted        |       |       |     1 |     6 |     1 ||     8
       Invisible         |       |       |       |     5 |       ||     5
       Confused          |       |       |       |     2 |       ||     2
  Eat: Chunk             |     1 |     7 |    11 |    22 |     5 ||    46
       Pizza             |       |       |     1 |       |       ||     1
       Royal jelly       |       |       |       |     1 |       ||     1
Armor: Skin              |    17 |    35 |    74 |   140 |    52 ||   318
Dodge: Dodged            |    47 |    85 |   181 |   431 |   159 ||   903
Block: Buckler           |       |    23 |    70 |   202 |    71 ||   366
       Reflection        |       |       |       |     1 |       ||     1
